BR (22 & UNDER)
WASHINGTON DC HOT SAUCE @ AMITY GARDENS WESTERNERS
09/22/2028
 
TOP OF THE 1ST
Washington DC Hot Sauce batting - Pitching for Amity Gardens Westerners : RHP Corey Brown
Pitching: RHP Corey Brown
Batting: RHB Gonzalo García 0-0: Ball
1-0: Ground out 6-3 (Groundball, 6M)
Batting: RHB Kevin Wilson 0-0: Ball
1-0: Ball
2-0: Called Strike
2-1: Fly out, F9 (Flyball, 9)
Batting: LHB Vernon Hill 0-0: SINGLE (Line Drive, 6MD)
Batting: RHB Dan Salazar 0-0: Ball
1-0: Swinging Strike
1-1: Foul Ball, location: 2F
1-2: Strikes out swinging
Top of the 1st over - 0 run(s), 1 hit(s), 0 error(s), 1 left on base; Washington DC 0 - Amity Gardens 0
BOTTOM OF THE 1ST
Amity Gardens Westerners batting - Pitching for Washington DC Hot Sauce : LHP Craig Grant
Pitching: LHP Craig Grant
Batting: RHB Mel Wells 0-0: Ball
1-0: Ball
2-0: Foul Ball, location: 2F
2-1: Ball
3-1: SINGLE (Flyball, 7LS)
Batting: RHB Xavier Silva Pickoff Throw to First - Out!
0-0: Ball
1-0: Ball
2-0: Ball
3-0: Base on Balls
Batting: RHB Gustavo Todd 0-0: Ball
1-0: Swinging Strike
1-1: Called Strike
1-2: Foul Ball, location: 2F
1-2: Foul Ball, location: 2F
1-2: Strikes out swinging
Batting: LHB Eddie Nealon 0-0: Ball
1-0: Called Strike
1-1: Fly out, F3 (Popup, 3)
Bottom of the 1st over - 0 run(s), 1 hit(s), 0 error(s), 1 left on base; Washington DC 0 - Amity Gardens 0
TOP OF THE 2ND
Washington DC Hot Sauce batting - Pitching for Amity Gardens Westerners : RHP Corey Brown
Batting: RHB Jesús García 0-0: Ball
1-0: Ground out 5-3 (Groundball, 56)
Batting: RHB Juan Vélez 0-0: Called Strike
0-1: TRIPLE (Line Drive, 8LD)
Batting: RHB Rafael Cardenas 0-0: Ball
1-0: Ball
2-0: Called Strike
2-1: Ball
3-1: Foul Ball, location: 2F
3-2: Strikes out looking
Batting: LHB Gus Price 0-0: Ground out 3-1 (Groundball, 34)
Top of the 2nd over - 0 run(s), 1 hit(s), 0 error(s), 1 left on base; Washington DC 0 - Amity Gardens 0
BOTTOM OF THE 2ND
Amity Gardens Westerners batting - Pitching for Washington DC Hot Sauce : LHP Craig Grant
Batting: RHB Jonathon García 0-0: Ball
1-0: Ball
2-0: Foul Ball, location: 2F
2-1: Ball
3-1: Foul Ball, location: 2F
3-2: Base on Balls
Batting: LHB Jack Mitchell 0-0: Foul Ball, location: 2F
0-1: Swinging Strike
0-2: Ball
1-2: SINGLE (Line Drive, 6MD)
Jonathon García to second
Batting: RHB Carlos Dumenigo 0-0: Ball
1-0: Ball
2-0: Grounds into double play, 5-4-3 (Groundball, 56)
Jonathon García to third
Batting: RHB Ánibal Vega 0-0: Called Strike
0-1: Called Strike
0-2: Strikes out swinging
Bottom of the 2nd over - 0 run(s), 1 hit(s), 0 error(s), 1 left on base; Washington DC 0 - Amity Gardens 0
TOP OF THE 3RD
Washington DC Hot Sauce batting - Pitching for Amity Gardens Westerners : RHP Corey Brown
Batting: SHB Jack Hendrix 0-0: Foul Ball, location: 2F
0-1: Foul Ball, location: 2F
0-2: Ground out 3-1 (Groundball, 34)
Batting: RHB Gonzalo García 0-0: Called Strike
0-1: Swinging Strike
0-2: Strikes out swinging
Batting: RHB Kevin Wilson 0-0: Called Strike
0-1: Ball
1-1: Ball
2-1: Ball
3-1: Foul Ball, location: 2F
3-2: Fly out, F9 (Flyball, 9)
Top of the 3rd over - 0 run(s), 0 hit(s), 0 error(s), 0 left on base; Washington DC 0 - Amity Gardens 0
BOTTOM OF THE 3RD
Amity Gardens Westerners batting - Pitching for Washington DC Hot Sauce : LHP Craig Grant
Batting: RHB Tomás Rivera 0-0: Ball
1-0: Ball
2-0: Foul Ball, location: 2F
2-1: Foul Ball, location: 2F
2-2: Fly out, F4 (Line Drive, 4)
Batting: RHB Mel Wells 0-0: Foul Ball, location: 2F
0-1: Ball
1-1: Ball
2-1: Ball
3-1: Base on Balls
Batting: RHB Xavier Silva 0-0: Called Strike
0-1: SINGLE (Flyball, 3D)
Mel Wells to second
Runner from 2nd tries for 3rd, SAFE, no throw
Batting: RHB Gustavo Todd 0-0: Called Strike
0-1: Ball
Xavier Silva steals 2nd base
1-1: SINGLE (Groundball, 56) (infield hit)
Mel Wells scores
Xavier Silva to third
Batting: LHB Eddie Nealon 0-0: Ball
1-0: Foul Ball, location: 2F
1-1: Ball
2-1: Ball
3-1: Reached on error, E3 (Groundball, 3)
Xavier Silva scores
Gustavo Todd to second
Batting: RHB Jonathon García 0-0: Ball
1-0: Reached on error, E7 (Flyball, 78M)
Gustavo Todd to third
Eddie Nealon to second
Batting: LHB Jack Mitchell 0-0: Ball
1-0: Grounds into fielders choice 1-2 (Groundball, 13S)
Eddie Nealon to third
Jonathon García to second
Batting: RHB Carlos Dumenigo 0-0: Fly out, F9 (Line Drive, 89M)
Bottom of the 3rd over - 2 run(s), 2 hit(s), 2 error(s), 3 left on base; Washington DC 0 - Amity Gardens 2
TOP OF THE 4TH
Washington DC Hot Sauce batting - Pitching for Amity Gardens Westerners : RHP Corey Brown
Batting: LHB Vernon Hill 0-0: Ball
1-0: SINGLE (Groundball, 23) (infield hit)
Batting: RHB Dan Salazar 0-0: Fly out, F8 (Flyball, 8RM)
Batting: RHB Jesús García 0-0: Fly out, F9 (Flyball, 9)
Batting: RHB Juan Vélez 0-0: Ball
1-0: Foul Ball, location: 2F
1-1: SINGLE (Flyball, 7S)
Vernon Hill to second
Batting: RHB Rafael Cardenas 0-0: Ball
1-0: Ball
2-0: Called Strike
2-1: Foul Ball, location: 2F
2-2: Strikes out looking
Top of the 4th over - 0 run(s), 2 hit(s), 0 error(s), 2 left on base; Washington DC 0 - Amity Gardens 2
BOTTOM OF THE 4TH
Amity Gardens Westerners batting - Pitching for Washington DC Hot Sauce : LHP Craig Grant
Batting: RHB Ánibal Vega 0-0: Ball
1-0: Ball
2-0: Ball
3-0: Base on Balls
Batting: RHB Tomás Rivera 0-0: DOUBLE (Line Drive, 89S)
Ánibal Vega to third
Batting: RHB Mel Wells 0-0: Ball
1-0: Ball
2-0: Ground out 6-3 (Groundball, 6)
Batting: RHB Xavier Silva 0-0: Called Strike
0-1: Ball
1-1: Foul Ball, location: 2F
1-2: Ball
2-2: Foul Ball, location: 2F
2-2: Foul Ball, location: 2F
2-2: Foul Ball, location: 2F
2-2: Ball
3-2: Fly out, F5 (Popup, 56S)
Batting: RHB Gustavo Todd 0-0: Ball
1-0: Ground out 6-3 (Groundball, 6)
Bottom of the 4th over - 0 run(s), 1 hit(s), 0 error(s), 2 left on base; Washington DC 0 - Amity Gardens 2
TOP OF THE 5TH
Washington DC Hot Sauce batting - Pitching for Amity Gardens Westerners : RHP Corey Brown
Batting: LHB Gus Price 0-0: Called Strike
0-1: Foul Ball, location: 2F
0-2: Strikes out looking
Batting: SHB Jack Hendrix 0-0: Swinging Strike
0-1: Ball
1-1: Ball
2-1: Foul Ball, location: 2F
2-2: Strikes out swinging
Batting: RHB Gonzalo García 0-0: Ball
1-0: Ball
2-0: Ball
3-0: Base on Balls
Batting: RHB Kevin Wilson 0-0: Called Strike
Gonzalo García steals 2nd base
0-1: Ball
1-1: Ground out 5-3 (Groundball, 56)
Top of the 5th over - 0 run(s), 0 hit(s), 0 error(s), 1 left on base; Washington DC 0 - Amity Gardens 2
BOTTOM OF THE 5TH
Amity Gardens Westerners batting - Pitching for Washington DC Hot Sauce : LHP Craig Grant
Batting: LHB Eddie Nealon 0-0: Ball
1-0: Called Strike
1-1: SINGLE (Groundball, 56D)
Pitching: RHP Brock Corless
Batting: RHB Jonathon García 0-0: Ball
1-0: Ball
Eddie Nealon is caught stealing 2nd base
2-0: Called Strike
2-1: Swinging Strike
2-2: Ball
3-2: Strikes out swinging
Batting: LHB Jack Mitchell 0-0: Ball
1-0: Swinging Strike
1-1: DOUBLE (Line Drive, 7LM)
Batting: RHB Carlos Dumenigo 0-0: Ball
1-0: Ball
2-0: Fly out, F8 (Flyball, 8LM)
Bottom of the 5th over - 0 run(s), 2 hit(s), 0 error(s), 1 left on base; Washington DC 0 - Amity Gardens 2
TOP OF THE 6TH
Washington DC Hot Sauce batting - Pitching for Amity Gardens Westerners : RHP Corey Brown
Batting: LHB Vernon Hill 0-0: SINGLE (Line Drive, 8RS)
Batting: RHB Dan Salazar 0-0: Ball
1-0: SINGLE (Line Drive, 5D)
Vernon Hill to second
Batting: RHB Jesús García 0-0: Grounds into double play, 5-4-3 (Groundball, 56)
Vernon Hill to third
Batting: RHB Juan Vélez 0-0: Ball
1-0: Swinging Strike
1-1: Ball
2-1: Ground out 1-3 (Groundball, P)
Top of the 6th over - 0 run(s), 2 hit(s), 0 error(s), 1 left on base; Washington DC 0 - Amity Gardens 2
BOTTOM OF THE 6TH
Amity Gardens Westerners batting - Pitching for Washington DC Hot Sauce : RHP Brock Corless
Batting: RHB Ánibal Vega 0-0: Ball
1-0: Bunt for hit - play at first, batter OUT! 2-3
Batting: RHB Tomás Rivera 0-0: Called Strike
0-1: Ball
1-1: Swinging Strike
1-2: Foul Ball, location: 2F
1-2: Foul Ball, location: 2F
1-2: Fly out, F7 (Flyball, 78M)
Batting: RHB Mel Wells 0-0: Called Strike
0-1: Fly out, F9 (Flyball, 9)
Bottom of the 6th over - 0 run(s), 0 hit(s), 0 error(s), 0 left on base; Washington DC 0 - Amity Gardens 2
TOP OF THE 7TH
Washington DC Hot Sauce batting - Pitching for Amity Gardens Westerners : RHP Corey Brown
Batting: RHB Rafael Cardenas 0-0: Ball
1-0: Called Strike
1-1: SINGLE (Groundball, 5S) (infield hit)
Batting: LHB Gus Price 0-0: Ball
1-0: Called Strike
1-1: Grounds into double play, 3-6-4 (Groundball, 34)
Batting: SHB Jack Hendrix 0-0: Ball
1-0: Foul Ball, location: 2F
1-1: Foul Ball, location: 2F
1-2: Ground out U3 (Groundball, 3)
Top of the 7th over - 0 run(s), 1 hit(s), 0 error(s), 0 left on base; Washington DC 0 - Amity Gardens 2
BOTTOM OF THE 7TH
Amity Gardens Westerners batting - Pitching for Washington DC Hot Sauce : RHP Brock Corless
Batting: RHB Xavier Silva 0-0: Called Strike
0-1: Ball
1-1: Foul Ball, location: 2F
1-2: Ball
2-2: Strikes out looking
Batting: RHB Gustavo Todd 0-0: Called Strike
0-1: Ball
1-1: Ground out 6-3 (Groundball, 56D)
Batting: LHB Eddie Nealon 0-0: Ball
1-0: Called Strike
1-1: Ball
2-1: Foul Ball, location: 2F
2-2: Ball
3-2: Base on Balls
Batting: RHB Jonathon García 0-0: Foul Ball, location: 2F
0-1: Ball
1-1: Fly out, F8 (Flyball, 8LD)
Bottom of the 7th over - 0 run(s), 0 hit(s), 0 error(s), 1 left on base; Washington DC 0 - Amity Gardens 2
TOP OF THE 8TH
Washington DC Hot Sauce batting - Pitching for Amity Gardens Westerners : RHP Corey Brown
Now at 3B: Luis López
Now in CF: Josh Bergman
Batting: RHB Gonzalo García 0-0: Ball
1-0: Ball
2-0: DOUBLE (Line Drive, 7LM)
Pitching: RHP Frank Wilcox
Batting: RHB Kevin Wilson 0-0: Called Strike
0-1: Ball
1-1: Called Strike
1-2: Ball
2-2: Fly out, F4 (Popup, 34)
Pitching: LHP Tony Grimes
Batting: LHB Vernon Hill 0-0: Foul Ball, location: 2F
0-1: Swinging Strike
0-2: Ball
1-2: Strikes out swinging
Pitching: RHP Rod Whitaker
Batting: RHB Dan Salazar 0-0: Foul Ball, location: 2F
0-1: Foul Ball, location: 2F
0-2: Reached on error, E7 (Flyball, 7S)
Gonzalo García scores
Pinch Hitting: RHB Francisco Luna 0-0: Swinging Strike
0-1: Called Strike
0-2: Hit by Pitch
Batting: RHB Juan Vélez 0-0: Fielders Choice at 2nd, 6-4 (Groundball, 6)
Top of the 8th over - 1 run(s), 1 hit(s), 1 error(s), 1 left on base; Washington DC 1 - Amity Gardens 2
BOTTOM OF THE 8TH
Amity Gardens Westerners batting - Pitching for Washington DC Hot Sauce : RHP Brock Corless
Now at 2B: Francisco Luna
Batting: LHB Jack Mitchell 0-0: SINGLE (Flyball, 8LM)
Pinch Hitting: RHB Pat Johnston 0-0: Ball
1-0: Bunted foul
1-1: Bunt missed!
1-2: Ball
2-2: 2-RUN HOME RUN (Line Drive, 7LD), Distance : 354 ft
Pitching: LHP Brett French
Batting: RHB Ánibal Vega 0-0: Ball
1-0: Ball
2-0: Ball
3-0: Base on Balls
Batting: RHB Tomás Rivera 0-0: Bunted foul
0-1: Sac Bunt - play at second, runner OUT! 5-6
Batting: RHB Mel Wells 0-0: Ball
1-0: Foul Ball, location: 2F
1-1: Swinging Strike
1-2: Ball
2-2: Foul Ball, location: 2F
2-2: Foul Ball, location: 2F
2-2: Grounds into double play, 6-4-3 (Groundball, 6)
Bottom of the 8th over - 2 run(s), 2 hit(s), 0 error(s), 0 left on base; Washington DC 1 - Amity Gardens 4
TOP OF THE 9TH
Washington DC Hot Sauce batting - Pitching for Amity Gardens Westerners : RHP Rod Whitaker
Pitching: LHP Rodrigo Freitas
Now in RF: Manny Olhoa
Batting: RHB Rafael Cardenas 0-0: Ground out 6-3 (Groundball, 6)
Batting: LHB Gus Price 0-0: Swinging Strike
0-1: Ball
1-1: SINGLE (Line Drive, 34)
Batting: SHB Jack Hendrix 0-0: Ball
1-0: Foul Ball, location: 2F
1-1: Ball
2-1: Ball
3-1: Swinging Strike
3-2: Foul Ball, location: 2F
3-2: Foul Ball, location: 2F
3-2: Foul Ball, location: 2F
3-2: Strikes out swinging
Gus Price steals 2nd base
Batter strikes out.
Batting: RHB Gonzalo García 0-0: Ball
1-0: Fly out, F9 (Flyball, 9LS)
Top of the 9th over - 0 run(s), 1 hit(s), 0 error(s), 1 left on base; Washington DC 1 - Amity Gardens 4
Tuesday, August 8th, 2017 - OOTP Baseball 17.12 Build 75